 Dungeon Crawl Stone Soup version 0.29.1-15-g9cfb28693d (webtiles) character file.

Game seed: 17468871871943759151

71 terminale the Poker (level 4, -5/45 HPs)
             Began as an Ogre Gladiator on May 1, 2023.
             Slain by an iguana (7 damage)
             ... on level 4 of the Dungeon.
             The game lasted 00:12:07 (1696 turns).

terminale the Poker (Ogre Gladiator)                Turns: 1696, Time: 00:12:13

Health: -5/45      AC:  3    Str: 20    XL:     4   Next: 24%
Magic:  4/4        EV: 10    Int:  9    God:
Gold:   143        SH:  0    Dex: 10    Spells: 3/3 levels left

rFire   . . .      SeeInvis .   C - +1 trident (venom)
rCold   . . .      Faith    .   (no shield)
rNeg    . . .      Spirit   .   b - +0 robe
rPois   .          Reflect  .   c - +0 hat
rElec   .          Harm     .   (no cloak)
rCorr   +          Rampage  .   (gloves unavailable)
Will    .....                   (boots unavailable)
Stlth   +.........              (no amulet)
HPRegen 0.15/turn               E - ring of resist corrosion
MPRegen 0.09/turn               (no ring)

@: no status effects
A: large, unfitting armour, tough skin 1
a: no special abilities


You were on level 4 of the Dungeon.
You visited 1 branch of the dungeon, and saw 4 of its levels.

You collected 143 gold pieces.

Inventory:

Hand Weapons
 a - a +0 trident
 g - a +0 dagger
 s - a +0 war axe
 t - a +0 whip
 w - a +0 spear
 C - a +1 trident of venom (weapon)
Missiles
 d - 4 throwing nets (quivered)
 e - a large rock
 f - 23 stones
 h - 5 atropa-tipped darts
 l - 6 poisoned darts
Armour
 b - a +0 robe (worn)
 c - a +0 hat (worn)
 j - a +0 robe
 m - a +0 leather armour
 o - a +0 plate armour
 u - a +0 pair of gloves
 y - a +0 robe
 B - a +0 pair of gloves
Magical Staves
 r - a staff of poison
Jewellery
 E - a ring of resist corrosion (left hand)
Scrolls
 p - 2 scrolls of vulnerability {unknown}
 v - 4 scrolls of identify {unknown}
 x - a scroll of fog {unknown}
 F - a scroll of amnesia {unknown}
Potions
 i - a potion of heal wounds {unknown}
 k - a potion of brilliance {unknown}
 n - a potion of flight {unknown}
 q - 3 potions of curing {unknown}
 z - a potion of ambrosia {unknown}
 A - a potion of lignification {unknown}
 D - a potion of berserk rage {unknown}
 G - a potion of degeneration {unknown}


   Skills:
 + Level 3.1 Fighting
 + Level 4.2 Polearms
 + Level 2.0 Throwing
 + Level 3.2 Dodging
 + Level 0.6 Stealth


You had 3 spell levels left.
You didn't know any spells.
Your spell library contained the following spells:

 Spells                   Type           Power      Damage    Failure   Level
 Foxfire                  Conj/Fire      0%         2x1d4     38%         1
 Conjure Flame            Conj/Fire      0%         6-21      77%         3
 Dazzling Flash           Conj/Hex       0%         N/A       77%         3
 Inner Flame              Hex/Fire       0%         N/A       77%         3
 Flame Wave               Conj/Fire      0%         2d4       99%         4
 Agony                    Necr           0%         N/A       100%        5
 Silence                  Hex/Air        0%         N/A       100%        5


Dungeon Overview and Level Annotations

Branches:
Dungeon (4/15)
 Temple: D:4-7

Altars:


Innate Abilities, Weirdness & Mutations

You are too large for most types of armour.
You have tough skin. (AC +1)


Message History

Things that are here:
a +0 club; a goblin corpse
q - 3 white potions (gained 1)
There are no items here.
f - 23 stones (gained 6)
There is a stone staircase leading down here.
You can't go up here!
You don't know any spells.
You climb downwards.
The iguana hisses angrily.
Found 18 gold pieces and a ring mail.
There is a stone staircase leading up here.
An orc comes into view. It is wielding a +0 club.
The orc shouts!
An endoplasm comes into view.
An orc comes into view. It is wielding a +0 hand axe.
The orc shouts!
The endoplasm quivers.
An orc comes into view. It is wielding a +0 dagger.
You see here 18 gold pieces.
You now have 143 gold pieces (gained 18).
The orc shouts!
An orc comes into view. It is wielding a +0 short sword.
You closely miss the iguana. The iguana bites you!
The orc hits you with a +0 club.
You closely miss the iguana. The endoplasm hits you. The iguana bites you!
The orc misses you.
You closely miss the iguana. The endoplasm freezes you.
You are frozen.
The iguana bites you!
* * * LOW HITPOINT WARNING * * *
The orc hits you with a +0 club.
* * * LOW HITPOINT WARNING * * *
You barely miss the iguana.
An orc comes into view. It is wielding a +0 dagger.
The endoplasm freezes you.
You are frozen.
* * * LOW HITPOINT WARNING * * *
The iguana bites you!
You die...

#######
#[o@..#
#.#oJl..#
#.o.....#
#...#o..<.#
.......####
##...##
.... #o##
#.


You could see an iguana, 5 orcs and an endoplasm.

Vanquished Creatures
  An adder (D:2)
  2 dart slugs
  4 orcs (D:3)
  6 endoplasms
  2 giant cockroaches (D:2)
  5 goblins
  7 hobgoblins
  A quokka (D:3)
  7 ball pythons
  7 bats
  5 frilled lizards
  5 rats
52 creatures vanquished.

Notes
Turn   | Place    | Note
-------+----------+-------------------------------------------
     0 | D:1      | terminale the Ogre Gladiator began the quest for the Orb.
     0 | D:1      | Reached XP level 1. HP: 22/22 MP: 1/1
   122 | D:1      | Reached XP level 2. HP: 19/29 MP: 2/2
   591 | D:1      | Found a faded altar of an unknown god.
   605 | D:1      | Reached XP level 3. HP: 36/36 MP: 3/3
  1081 | D:2      | Reached skill level 4 in Polearms
  1294 | D:3      | Reached XP level 4. HP: 45/45 MP: 4/4
  1696 | D:4      | HP: 2/45 [frozen (4)]
  1696 | D:4      | Slain by an iguana

Illustrated notes

Levels and vault maps discovered:
D:1:      saegor_arrival_simple_e, layout_basic,
          hellmonk_ecumenical_altar_lost_god, minmay_strange_pillars,
          chequers_serial_rivers_room_b, minmay_indecisive_spiral
D:2:      layout_loops_ring
D:3:      layout_basic
D:4:      layout_rooms

Skill      XL: |  1  2  3 |
---------------+----------+-----
Dodging        | 3 |  3.2
Fighting       | 3 |  3.1
Polearms       | 4 |  4.2
Throwing       | |  2.0
Stealth        | |  0.6

Action                   |  1- 3 |  4- 6 || total
-------------------------+-------+-------++-------
Melee: Trident           |   102 |    28 ||   130
 Stab: Sleeping          |     2 |       ||     2
Armor: Robe              |    29 |     8 ||    37
Dodge: Dodged            |    56 |    20 ||    76
